Teren, chaotic male elven Priest -------- |......| ------ |.......# |....| |......|# -------------- |>...| |......+####d@a...(......| ##...... --.----- # |f...........| # ----|- # .............| ### #### # |............| # # # ------.------- #%# # ## # # -|-----|---- # ### |..........| ---.--- # |..........| |...{.| ##### |..........| |.....-#######------- # |.........<. |.....|# #####......+ #### ------------ ------- |.....| # |......##### ------- Teren the Adept Experience level: 6 Strength: 16 Dexterity: 12 Constitution: 13 Intelligence: 13 Wisdom: 20 Charisma: 8 Health: 0(37) Energy: 52(80) Def: 3 Gold: 371 Moves: 2722 Dungeon seed: irrCsM94YR7NvXCq Game ID: Teren_1615744933 Your Inventory: Coins $ - 371 gold pieces Weapons a - a blessed +1 mace (weapon in hand) Q - 7 poisoned +0 orcish arrows R - a +0 crossbow Armor e - a blessed +1 orcish helm (being worn) n - a +0 small shield (being worn) y - a blessed +1 pair of iron shoes Comestibles c - 2 cloves of garlic d - a sprig of wolfsbane F - 3 tripe rations H - 5 food rations Scrolls K - 2 scrolls of teleportation P - a cursed scroll of confuse monster Spellbooks X - a spellbook of healing Potions Z - a potion of invisibility Rings L - a ring of free action (on left hand) Wands S - a wand of polymorph (0:5) W - a wand of probing (0:5) Tools m - a bag of holding o - a skeleton key s - 7 wax candles (0:400) Gems q - a worthless piece of yellowish brown glass Contents of the bag of holding: 360 gold pieces a +0 mace a blessed +1 orcish helm a cursed -1 pair of levitation boots 2 food rations 4 potions of holy water a cursed -1 ring of adornment a cursed ring of fire resistance an oil lamp (0:1236) a worthless piece of blue glass 2 worthless pieces of violet glass 2 worthless pieces of yellow glass a worthless piece of yellowish brown glass Spells and supernatural/magical abilities: Name Level Category Fail Memory h - healing 1 healing 3% 87% K - cure sickness 3 healing 81% 87% W - pray for help -- divine ? -- X - turn undead -- divine ? -- Your skills at the end: Fighting Skills Weapon Skills mace [Basic] Spellcasting Skills clerical spells [Basic] Final Attributes: You were piously aligned. You were sleep resistant. You had infravision. You had free action. You are dead. Vanquished creatures: a large mimic 3 wolves a leprechaun 5 Uruk-hai a yellow light a shrieker a homunculus a kobold shaman 10 hill orcs a centipede a giant bat a monkey an orc zombie 2 dwarf zombies a wererat a coyote a hobgoblin a giant rat 2 cave spiders a yellow mold a red mold 7 geckos 6 jackals a fox a kobold 2 goblins 3 grid bugs 6 bats 9 lichens 2 kobold zombies 10 newts 85 creatures vanquished. Voluntary challenges: You used a wielded weapon 121 times, starting on turn 48. You read items or engraved 5 times, starting on turn 788. You never genocided any monsters. You never polymorphed an object. You never changed form. You used no wishes. You never split a pudding. You never wrote Elbereth's name. You violated your moral code, losing 1 point of alignment, starting on turn 2186. Dungeon overview: The Dungeons of Doom: levels 1 to 7 Level 1 some fountains a long staircase Level 2 a general store, a fountain Level 3 a long staircase Level 4 a general store, a fountain, some sinks Level 5 some fountains Level 6 a fountain Level 7 <- You were here a fountain History has recorded: On T:1 you entered the Dungeons of Doom to retrieve the Amulet of Yendor! On T:349 you reached level 2 of The Dungeons of Doom. On T:496 you advanced to experience level 2. On T:823 you advanced to experience level 3. On T:1037 you reached level 3 of The Dungeons of Doom. On T:1353 you reached level 4 of The Dungeons of Doom. On T:1457 you advanced to experience level 4. On T:1807 you reached level 5 of The Dungeons of Doom. On T:1978 you advanced to experience level 5. On T:2166 you advanced to experience level 6. On T:2285 you reached level 6 of The Dungeons of Doom. On T:2505 you reached level 7 of The Dungeons of Doom. Score breakdown: Gold: 731 ( 9744 points) Experience: 6 levels (12456 points) Exploration: 7 levels ( 14.89%) (10834 points) Discoveries: 7 items ( 2.45%) ( 4693 points) Valuables value: (no points given unless you survive) Artifact value: 0 ( 0 points) Variety of kills: 31 monsters ( 8.14%) ( 8557 points) Turncount: 2722 turns ( -456 points) Survival: died (score multiplied by 80%) Total score: 36662 Latest messages: You feel better. The wolf bites! You hit the wolf. The wolf bites! You feel better. The wolf bites! Qwerty misses the soldier ant. You miss the wolf. The wolf bites! The soldier ant bites! The soldier ant stings! Qwerty misses the soldier ant. The soldier ant bites! The soldier ant just misses! Qwerty misses the soldier ant. You hit the wolf! The wolf bites! The soldier ant bites! The soldier ant stings! You die... Final status: Goodbye Teren the Priest, killed by a soldier ant... You died in The Dungeons of Doom on dungeon level 7 with 36662 points, and 731 pieces of gold, after 2722 moves. You were level 6 with a maximum of 37 hit points when you died.